 Dungeon Crawl Stone Soup version 0.31-a0-466-g98c9adc2b6 (webtiles) character file.

Game seed: 10237296371787405842

8 Sabo the Ducker (level 2, 22/22 HPs)
             Began as a Demonspawn Gladiator on Aug 5, 2023.
             Got out of the dungeon alive.
             The game lasted 00:02:00 (504 turns).

Sabo the Ducker (Demonspawn Gladiator)               Turns: 504, Time: 00:02:00

Health: 22/22      AC:  9    Str: 14    XL:     2   Next: 0%
Magic:  2/2        EV:  7    Int:  9    God:
Gold:   46         SH:  0    Dex: 14    Spells: 1/1 levels left

rFire   . . .        a - +0 war axe
rCold   . . .        (no shield)
rNeg    . . .        g - +0 chain mail
rPois   .            c - +0 helmet
rElec   .            (no cloak)
rCorr   .            (no gloves)
SInv    .            (no boots)
Will    .....        (no amulet) Stlth
                     (no ring)
HPRegen 0.23/turn    (no ring)
MPRegen 0.08/turn

%: no passive effects
@: no status effects
A: demonic magic 1
a: no special abilities


You escaped.
You visited 1 branch of the dungeon, and saw 1 of its levels.

You collected 46 gold pieces.

Inventory:

Hand Weapons
 a - a +0 war axe (weapon)
Missiles
 b - 3 boomerangs
 d - 3 throwing nets (quivered)
 e - a javelin
Armour
 c - a +0 helmet (worn)
 g - a +0 chain mail (worn)
Scrolls
 f - a scroll of identify {unknown}
 i - a scroll of enchant armour {unknown}
Potions
 h - a potion of lignification {unknown}


   Skills:
 + Level 2.0 Fighting
 + Level 2.9 Axes
 + Level 1.8 Throwing
 + Level 0.3 Armour
 + Level 2.9 Dodging


You had one spell level left.
You didn't know any spells.
Your spell library contained the following spells:

 Spells                   Type           Power      Damage    Failure   Level
 Magic Dart               Conj           0%         1d3       100%        1
 Call Imp                 Summ           0%         N/A       100%        2
 Mephitic Cloud           Conj/Pois/Air  0%         N/A       100%        3


Dungeon Overview and Level Annotations

Branches:
Dungeon (1/15)

Altars:


Innate Abilities, Weirdness & Mutations

Spells you cast may paralyse adjacent enemies.


Message History

You hit the ball python.
You kill the ball python!
You now have 33 gold pieces (gained 6).
You now have 43 gold pieces (gained 10).
Found a stone staircase leading down.
Found 9 stones.
There is a stone staircase leading down here.
Found a leather armour.
An endoplasm comes into view.
Found 3 gold pieces and a scroll labelled VEANTI ILAZXE.
The endoplasm quivers.
The endoplasm hits you.
You barely miss the endoplasm.
The endoplasm hits you but does no damage.
The endoplasm freezes you.
You are frozen.
You hit the endoplasm.
The endoplasm is lightly wounded.
The endoplasm hits you but does no damage.
You slash the endoplasm!
You kill the endoplasm!
You have reached level 2!
Your demonic ancestry asserts itself...
A menacing aura infuses your magic.
You start resting.
HP restored.
You now have 46 gold pieces (gained 3).
You open the door.
There is an open door here.
i - a scroll labelled VEANTI ILAZXE
Found a mace.
You see here a +0 mace.
Found a mace.
You see here a +0 mace.
There is a stone staircase leading down here.
There is a fountain of clear blue water here.
There is an open door here.
There is a staircase leading out of the dungeon here.
Are you sure you want to leave the Dungeon?
This will make you lose the game!
You have escaped!

#.#
###'#....#.#.##
#.# #.#....⌠.#.#.#
##.#######
#.#..#.......#####
#.........
#.'.####..........
#.........
#.#..#............
#.........
#.#....⌠.#.#......
##.........
###'#....#.#......
...........
#...#..###.#.#####
...........
#@..#......#.#
...........
############.#
....####### #.####
#.........# #.##..
#.........####
#.##.#
.......(.....#####
#.##.#
..........##.....#
#.##.#
.....###########.#
#.##.# .....#
#.#### ##....##


There were no monsters in sight!

Vanquished Creatures
  An endoplasm (D:1)
  A giant cockroach (D:1)
  2 hobgoblins (D:1)
  2 ball pythons (D:1)
  A rat (D:1)
7 creatures vanquished.

Notes
Turn   | Place    | Note
-------+----------+-------------------------------------------
     0 | D:1      | Sabo the Demonspawn Gladiator began the quest for the Orb.
     0 | D:1      | Reached XP level 1. HP: 16/16 MP: 1/1
   330 | D:1      | Gained mutation: Spells you cast may paralyse adjacent
                  | enemies. [demonic ancestry]
   330 | D:1      | Reached XP level 2. HP: 19/22 MP: 2/2
   504 | D:$      | Got out of the dungeon alive.

Illustrated notes

Levels and vault maps discovered:
D:1:      dpeg_arrival_court, layout_basic

Action                     || total
---------------------------++-------
  Melee: War axe           ||    19
 Armour: Chain mail        ||     8
  Dodge: Dodged            ||     8

Table legend: (Time is in decaauts)
 A = Elapsed time spent in this place.
 B = Non-inter-level travel time spent in this place.
 C = Inter-level travel time spent in this place.
 D = Time resting spent in this place.
 E = Time spent auto-exploring this place.
 F = Levels seen in this place.
 G = Mean time per level.
                   A        B        C        D        E       F      G
               +--------+--------+--------+--------+--------+-----+--------+
         Total |    511 |    511 |      0 |     39 |      0 |   1 |  511.0 |
       Dungeon |    511 |    511 |      0 |     39 |      0 |   1 |  511.0 |
               +--------+--------+--------+--------+--------+-----+--------+

Top non-repeatable levels by time:
     D:1: 511 daAuts
